 Dungeon Crawl Stone Soup version 0.23.0 (webtiles) character file.

Game seed: 15387674152301855272

15 MalarOregon the Poker (level 2, 0/36 HPs)
             Began as a Merfolk Fighter on Feb 12, 2019.
             Succumbed to a kobold's poison
             ... on level 1 of the Dungeon.
             The game lasted 00:00:34 (151 turns).

MalarOregon the Poker (Merfolk Fighter)              Turns: 151, Time: 00:00:35

Health: 0/36       AC: 21    Str: 16    XL:     2   Next: 50%
Magic:  2/2        EV:  2    Int:  7    God:
Gold:   33         SH:  9    Dex: 13    Spells: 1/1 levels left

rFire    . . .     SeeInvis .   a - +0 trident
rCold    . . .     Gourm    .   c - +0 shield
rNeg     + + +     Faith    .   (armour currently unavailable)
rPois    +         Spirit   .   (helmet currently unavailable)
rElec    .         Reflect  .   (cloak currently unavailable)
rCorr    .         Harm     .   (gloves currently unavailable)
MR       .....     NoTele   +   (boots currently unavailable)
Stlth    +.........             (no amulet)
HPRegen  0.12/turn              (no ring)
MPRegen  0.08/turn              (no ring)

@: lethally poisoned (0 -> -10), tree-form
A: (change form in water), (swift swim), (stealthy swim)
a: no special abilities


You were on level 1 of the Dungeon.
You were not hungry.
You were a tree.
You visited 1 branch of the dungeon, and saw 1 of its levels.

You collected 33 gold pieces.

Inventory:

Hand Weapons
 a - a +0 trident (weapon)
Armour
 b - a +0 scale mail (melded)
 c - a +0 shield (worn)
Scrolls
 h - a scroll of amnesia {unknown}
Potions
 d - a potion of might
Comestibles
 e - 2 rations {!d}
 f - 8 chunks of flesh


   Skills:
 + Level 3.4 Fighting
 * Level 3.6 Polearms
 + Level 2.3 Armour
 + Level 3.1 Shields


You had one spell level left.
You didn't know any spells.
Your spell library was empty.

Dungeon Overview and Level Annotations

Branches:
Dungeon (1/15)

Altars:


Message History

The frilled lizard bites you but does no damage.
Your shield prevents you from hitting the kobold.
* * * LOW HITPOINT WARNING * * *
You feel sick. The frilled lizard barely misses you.
You block the kobold's attack.
The frilled lizard bites you but does no damage.
The kobold closely misses you.
You are too injured to fight recklessly!
You are too injured to fight recklessly!
You are too injured to fight recklessly!
You are too injured to fight recklessly!
You are too injured to fight recklessly!
Unknown command.
You puncture the kobold!
You kill the kobold!
* * * LOW HITPOINT WARNING * * *
You feel sick. You block the frilled lizard's attack.
The frilled lizard bites you but does no damage.
The kobold hits you but does no damage.
Your shield and scale mail prevent you from hitting the kobold.
* * * LOW HITPOINT WARNING * * *
You feel sick. You block the frilled lizard's attack.
The kobold hits you but does no damage.
The frilled lizard bites you but does no damage.
You puncture the kobold!
You kill the kobold!
* * * LOW HITPOINT WARNING * * *
You feel sick. The frilled lizard bites you.
* * * LOW HITPOINT WARNING * * *
You block the frilled lizard's attack.
The frilled lizard bites you but does no damage.
You closely miss the frilled lizard.
* * * LOW HITPOINT WARNING * * *
You feel sick. You block the frilled lizard's attack.
The frilled lizard barely misses you.
Your shield prevents you from hitting the frilled lizard.
* * * LOW HITPOINT WARNING * * *
You feel sick.
The frilled lizard bites you but does no damage.
You block the frilled lizard's attack. x2
You miss the frilled lizard.
* * * LOW HITPOINT WARNING * * *
You feel sick. The frilled lizard bites you.
* * * LOW HITPOINT WARNING * * *
You block the frilled lizard's attack.
Unknown command.
It was a potion of lignification.
You turn into a tree.
Your +0 scale mail melds into your body.
Your roots penetrate the ground.
You die...

#.# #.#.......##
#.# #.#########
#.# #.#
#####.#######.#
#..÷..........#
#....÷....#####
#......?..#
.............###
####.....)♣....#
#.....†ll.#.#
#........$#.#
#$..........
............(#
##
###..#.###.....
.. #..#. ......
#. .. ......


You could see 2 frilled lizards.

Vanquished Creatures
  A dart slug (D:1)
  3 bats (D:1)
  2 goblins (D:1)
  2 frilled lizards (D:1)
  3 kobolds (D:1)
  3 rats (D:1)
14 creatures vanquished.

Notes
Turn   | Place    | Note
-------+----------+-------------------------------------------
     0 | D:1      | MalarOregon the Merfolk Fighter began the quest for the
                  | Orb.
     0 | D:1      | Reached XP level 1. HP: 18/18 MP: 1/1
    81 | D:1      | Reached XP level 2. HP: 24/24 MP: 2/2
   150 | D:1      | HP: 1/24 [frilled lizard (2)]
   151 | D:1      | Succumbed to a kobold's poison

Action                   || total
-------------------------++-------
Melee: Trident           ||    49
  Use: Potion            ||     1
Armor: Scale mail        ||    28
Dodge: Dodged            ||    12
Block: Shield            ||    28
